 Dungeon Crawl Stone Soup version 0.31.0-9-g3a7656b989 (webtiles) character file.

Game seed: 15874079981202428488

58 qw the Shooter (level 3, 0/20 HPs)
             Began as a Deep Elf Hunter on Feb 2, 2024.
             Succumbed to a scorpion's poison
             ... on level 2 of the Dungeon.
             The game lasted 00:00:04 (1023 turns).

qw the Shooter (Deep Elf Hunter)                    Turns: 1023, Time: 00:00:05

Health: 0/20       AC:  3    Str: 10    XL:     3   Next: 75%
Magic:  5/5        EV: 12    Int: 13    God:
Gold:   41         SH:  0    Dex: 18    Spells: 2/2 levels left

rFire   . . .        a - +0 shortbow
rCold   . . .        (shield currently unavailable)
rNeg    . . .        c - +0 leather armour
rPois   .            (no helmet)
rElec   .            (no cloak)
rCorr   .            (no gloves)
SInv    .            (no boots)
Will    .....        (no amulet)
Stlth   ++           (no ring)
HPRegen 0.23/turn    (no ring)
MPRegen 0.09/turn

%: no passive effects
@: lethally poisoned (0 -> -10)
A: no striking features
a: no special abilities


You were on level 2 of the Dungeon.
You visited 1 branch of the dungeon, and saw 2 of its levels.

You collected 41 gold pieces.


   Skills:
 - Level 1.5 Fighting
 + Level 7.2 Ranged Weapons
 - Level 2.4 Dodging
 - Level 1.2 Stealth


You had 2 spell levels left.
You didn't know any spells.
Your spell library was empty.

Inventory:

Hand Weapons
 a - a +0 shortbow (weapon)
Armour
 c - a +0 leather armour (worn)
Jewellery
 f - an amulet of the acrobat
Potions
 b - a potion of curing {unknown}
 d - 2 potions of enlightenment {unknown}
 e - a potion of mutation

Dungeon Overview and Level Annotations

Branches:
Dungeon (2/15)

Altars:


Message History

A hobgoblin comes into view.
You shoot an arrow. The arrow hits the hobgoblin!
You kill the hobgoblin!
A scorpion comes into view.
You shoot an arrow. The arrow hits the scorpion.
The scorpion is moderately wounded.
You shoot an arrow. The arrow hits the scorpion.
The scorpion is heavily wounded.
You shoot an arrow.
The arrow hits the scorpion but does no damage.
The scorpion is heavily wounded.
You shoot an arrow.
The arrow hits the scorpion but does no damage.
The scorpion is heavily wounded.
You shoot an arrow. The arrow hits the scorpion.
The scorpion is heavily wounded.
The scorpion closely misses you.
You shoot an arrow. The arrow closely misses the scorpion.
The scorpion barely misses you.
You shoot an arrow. The arrow closely misses the scorpion.
The scorpion stings you but does no damage.
You shoot an arrow. The arrow closely misses the scorpion.
The scorpion stings you! The scorpion closely misses you.
You shoot an arrow. The arrow barely misses the scorpion.
The scorpion closely misses you.
You shoot an arrow.
The arrow hits the scorpion but does no damage.
The scorpion is heavily wounded.
The scorpion stings you but does no damage.
You shoot an arrow. The arrow closely misses the scorpion.
The scorpion stings you.
You shoot an arrow. The arrow closely misses the scorpion.
The scorpion stings you. The scorpion barely misses you.
You shoot an arrow. The arrow hits the scorpion.
The scorpion is severely wounded.
The scorpion stings you.
You are lethally poisoned!
The scorpion poisons you!
You shoot an arrow. The arrow barely misses the scorpion.
You die...

##.......#######... ....
..................# ....
####.#......####.#P
..... ...###.##...##.#.
.....####..##...##....#.
....................#.
#..............#...#.
#%.s............#...#
#...@..>........#....
##..............#.#..
#..............#.##.
#..............#.##.
##............##....
##..............###
##########....## #
#....# #....#


You could see a scorpion.

Vanquished Creatures
  2 adders (D:2)
  A dart slug (D:1)
  4 endoplasms
  A giant cockroach (D:2)
  5 goblins
  6 hobgoblins
  4 ball pythons
  6 bats
  A frilled lizard (D:1)
  4 kobolds
  2 rats
36 creatures vanquished.

Notes
Turn   | Place    | Note
-------+----------+-------------------------------------------
     0 | D:1      | qw the Deep Elf Hunter began the quest for the Orb.
     0 | D:1      | Reached XP level 1. HP: 12/12 MP: 3/3
     0 | D:1      | 0 ||| qw: Version: 0.3-a-155-g5e7d8dd
     0 | D:1      | 0 ||| qw: Game counter: 1959
     0 | D:1      | 0 ||| qw: Melee chars always use a shield: true
     0 | D:1      | 0 ||| qw: God list: Okawaru
     0 | D:1      | 0 ||| qw: Allow faded altars: false
     0 | D:1      | 0 ||| qw: Do Orc after clearing Dungeon:15 true
     0 | D:1      | 0 ||| qw: Do second Lair branch before Depths: true
     0 | D:1      | 0 ||| qw: Lair rune preference: random
     0 | D:1      | 0 ||| qw: Goals: Normal
     0 | D:1      | 0 ||| PLANNING D:1-11
    61 | D:1      | You fall into a shaft and drop 1 floor!
    97 | D:2      | 97 ||| READING scroll labelled VUBAUPL ZOH SIEKA.
    97 | D:2      | 97 ||| IDENTIFYING silvery potion
    98 | D:2      | 98 ||| DROPPING scroll of butterflies.
   121 | D:1      | Reached XP level 2. HP: 16/16 MP: 4/4
   147 | D:1      | Reached skill level 6 in Ranged Weapons
   639 | D:1      | Reached XP level 3. HP: 20/20 MP: 5/5
   687 | D:1      | 687 ||| READING scroll labelled WOTWUF RAKE.
   867 | D:2      | Reached skill level 7 in Ranged Weapons
   875 | D:2      | HP: 5/20 [adder (2)]
   977 | D:2      | Found a faded altar of an unknown god.
  1009 | D:2      | Noticed a scorpion
  1022 | D:2      | HP: 3/20 [scorpion (3)]
  1023 | D:2      | Succumbed to a scorpion's poison

Levels and vault maps discovered:
D:1:      dpeg_arrival_tiny_i, layout_basic, glass_columns_b, minivault_11,
          minmay_door_square
D:2:      minmay_chambers_of_ones, layout_rooms,
          shapermc_ecumenical_altar_rom_forum, minmay_liquid_box

Skill      XL: |  1  2  3 |
---------------+----------+-----
Ranged Weapons | 6 7 |  7.2
Fighting       | |  1.5
Dodging        | |  2.4
Stealth        | |  1.2

Action                     || total
---------------------------++-------
   Fire: Shortbow          ||   116
    Use: Scroll            ||     2
 Armour: Leather armour    ||    21
  Dodge: Dodged            ||    23

Table legend:
 A = Non-vault XP
 B = Vault XP
 C = Vault XP percentage of total XP
 D = Non-vault monster count
 E = Vault monster count
 F = Vault count percentage of total count
                 A         B        C        D         E       F
            +---------+---------+-------+---------+---------+-------
      Total |      76 |       7 |   8.4 |      31 |       5 |  13.9
            +---------+---------+-------+---------+---------+-------
        D:1 |      36 |       0 |   0.0 |      22 |       0 |   0.0
        D:2 |      40 |       7 |  14.9 |       9 |       5 |  35.7
            +---------+---------+-------+---------+---------+-------
